 Dungeon Crawl Stone Soup version 0.31-a0-506-g3d79149578 (webtiles) character file.

Game seed: 9544796893647771146

109 Ethylacetat the Ducker (level 4, -4/31 HPs)
             Began as an Octopode Gladiator on Aug 9, 2023.
             Killed from afar by an orc wizard (9 damage)
             ... with a magic dart
             ... on level 3 of the Dungeon.
             The game lasted 00:04:08 (1566 turns).

Ethylacetat the Ducker (Octopode Gladiator)         Turns: 1566, Time: 00:04:12

Health: -4/31      AC:  1    Str: 13    XL:     4   Next: 90%
Magic:  4/4        EV: 14    Int: 10    God:
Gold:   131        SH:  0    Dex: 15    Spells: 3/3 levels left

rFire   . . .        i - +2 dagger (protect)
rCold   . . .        (no shield)
rNeg    . . .        b - +0 hat
rPois   .            (no amulet)
rElec   .            (no ring)
rCorr   .            (no ring)
SInv    .            (no ring)
Will    .....        (no ring)
Stlth   +++          (no ring)
HPRegen 0.25/turn    (no ring)
MPRegen 0.09/turn    (no ring)
                     (no ring)

%: no passive effects
@: hasted, very quick
A: almost no armour, amphibious, 8 rings, camouflage 1, gelatinous body 1,
(nimble swimmer 1), tentacles
a: no special abilities


You were on level 3 of the Dungeon.
You visited 1 branch of the dungeon, and saw 3 of its levels.

You collected 131 gold pieces.

Inventory:

Hand Weapons
 a - a +0 long sword
 i - a +2 dagger of protection (weapon)
 k - a +2 sling of draining
Missiles
 c - 3 throwing nets (quivered)
 d - a javelin
Armour
 b - a +0 hat (worn)
Jewellery
 e - a ring of ice
Wands
 p - a wand of flame (21)
Scrolls
 f - 2 scrolls of poison {unknown}
 g - 3 scrolls of identify {unknown}
 h - 2 scrolls of teleportation {unknown}
Potions
 j - a potion of cancellation {unknown}
 l - a potion of haste
 m - a potion of curing
 n - a potion of heal wounds {unknown}
 o - a potion of ambrosia {unknown}


   Skills:
 + Level 3.0 Fighting
 - Level 3.3 Long Blades
 + Level 1.3 Ranged Weapons
 - Level 2.0 Throwing
 + Level 3.8 Dodging
 + Level 2.3 Stealth


You had 3 spell levels left.
You didn't know any spells.
Your spell library was empty.

Dungeon Overview and Level Annotations

Branches:
Dungeon (3/15)

Altars:

Shops:
D:2 =


Innate Abilities, Weirdness & Mutations

You cannot wear most types of armour.
You are amphibious.
You can wear up to eight rings at the same time.
Your skin changes colour to match your surroundings (Stealth+).
Your rubbery body absorbs attacks. (AC +1, EV +1)
((You are camouflaged when in or above water. (Stealth+)))
You have tentacles for arms and can constrict up to eight enemies at once.


Message History

You miss something.
You feel less confused. Something hits you. The orc misses you.
The orc hits you with a +0 mace. Something barely misses you.
Something hits you.
Fire: k) +2 sling (drain)
Press: ? - help, Q - select action, (/) - cycle Shift-Dir - straight line, f - orc
Aim: an orc, wielding a +0 mace and wearing a +0 chain mail (heavily wounded, heavily drained, 67% to hit)
You shoot a sling bullet. The sling bullet barely misses the orc.
Something hits you. The orc completely misses you.
Fire: k) +2 sling (drain)
Press: ? - help, Q - select action, (/) - cycle Shift-Dir - straight line, f/p - orc
Aim: an orc, wielding a +0 mace and wearing a +0 chain mail (heavily wounded, heavily drained, 67% to hit)
You shoot a sling bullet.
The sling bullet hits the orc but does no damage.
The orc is heavily wounded.
Something hits you but does no damage. The orc misses you.
The orc hits you with a +0 mace. Something hits you.
* * * LOW HITPOINT WARNING * * *
Your +2 dagger of protection hums with potential!
i - a +2 dagger of protection (weapon)
You barely miss the orc. You grab the orc.
The orc is heavily wounded.
You constrict the orc. Something hits you.
* * * LOW HITPOINT WARNING * * *
The orc hits you with a +0 mace.
* * * LOW HITPOINT WARNING * * *
It was a potion of haste.
You feel yourself speed up.
You constrict the orc, but do no damage.
You hear some strange, mumbled words.
You are confused.
The orc misses you.
It was a potion of curing.
You feel better.
You constrict the orc, but do no damage.
The orc hits you with a +0 mace.
* * * LOW HITPOINT WARNING * * *
You hear some strange, mumbled words.
A magic dart appears from out of thin air!
The magic dart hits you!
You die...

.... #... ... #..#
..#. #..# ..... #..#
..#..
#############..#......
............#..#......
####...)....#...).....
..........@o...#......
####.......{#### #)##.
#....##...... ..
####.##.##### . #....#
########..##
...........#####
................ .
..######.#.......


You could see an orc (very drained).

Vanquished Creatures
  Robin (D:3)
  2 adders (D:2)
  A worm (D:2)
  3 dart slugs
  2 orcs (D:3)
  6 endoplasms
  4 giant cockroaches
  11 goblins
  12 hobgoblins
  3 jackals
  5 kobolds
  2 quokkas (D:1)
  3 ball pythons
  4 bats
  3 rats
62 creatures vanquished.

Notes
Turn   | Place    | Note
-------+----------+-------------------------------------------
     0 | D:1      | Ethylacetat the Octopode Gladiator began the quest for the
                  | Orb.
     0 | D:1      | Reached XP level 1. HP: 14/14 MP: 1/1
   156 | D:1      | Reached XP level 2. HP: 10/19 MP: 2/2
   331 | D:1      | Reached XP level 3. HP: 25/25 MP: 3/3
   823 | D:2      | Found Uzusm's Jewellery Emporium.
   837 | D:2      | Reached skill level 1 in Stealth
  1016 | D:2      | Reached XP level 4. HP: 30/30 MP: 4/4
  1034 | D:2      | Found a faded altar of an unknown god.
  1252 | D:2      | Reached skill level 1 in Ranged Weapons
  1437 | D:3      | Noticed Robin
  1442 | D:3      | Killed Robin
  1566 | D:3      | Killed from afar by an orc wizard

Illustrated notes

Levels and vault maps discovered:
D:1:      dpeg_arrival_simpleton_b, layout_loops_cross, minmay_misc_feat_doors,
          minmay_misc_feat_rows, minmay_octomino_c4
D:2:      layout_basic, serial_shops, nicolae_shop_window_shopping,
          hellmonk_ecumenical_altar_crossroads, dreamdust_princess_bridge,
          kennysheep_flooded_box
D:3:      layout_basic, minitemple, nzn_wu_jian_council_hall, serial_shops,
          nicolae_diamond_shop, nicolae_shop_crystal, uniq_natasha,
          uniq_sigmund, uniq_robin

Skill      XL: |  1  2  3  4 |
---------------+-------------+-----
Stealth        | 1 2 |  2.3
Ranged Weapons | 1 |  1.3
Fighting       | 3 |  3.0
Long Blades    | |  3.3
Throwing       | |  2.0
Dodging        | |  3.8

Action                     |  1- 3 |  4- 6 || total
---------------------------+-------+-------++-------
  Melee: Long sword        |    15 |       ||    15
         Constrict         |    10 |     5 ||    15
         Tentacles         |     7 |     2 ||     9
         Dagger            |    21 |    11 ||    32
         Sling             |       |     2 ||     2
   Fire: Sling             |    45 |    47 ||    92
    Use: Potion            |       |     2 ||     2
   Stab: Sleeping          |     2 |       ||     2
 Armour: Skin              |    15 |     4 ||    19
  Dodge: Dodged            |    53 |    13 ||    66

Table legend: (Time is in decaauts)
 A = Elapsed time spent in this place.
 B = Non-inter-level travel time spent in this place.
 C = Inter-level travel time spent in this place.
 D = Time resting spent in this place.
 E = Time spent auto-exploring this place.
 F = Levels seen in this place.
 G = Mean time per level.
                   A        B        C        D        E       F      G
               +--------+--------+--------+--------+--------+-----+--------+
         Total |   1598 |   1549 |     49 |      0 |   1254 |   3 |  532.7 |
       Dungeon |   1598 |   1549 |     49 |      0 |   1254 |   3 |  532.7 |
               +--------+--------+--------+--------+--------+-----+--------+

Top non-repeatable levels by time:
     D:1: 775 daAuts
     D:2: 681 daAuts
     D:3: 141 daAuts
